 Dungeon Crawl Stone Soup version 0.17.1-1-g73c8601 (webtiles) character file.

113 Runnr the Covered (level 4, 0/29 HPs)
             Began as a Gargoyle Fighter on Jan 4, 2016.
             Killed by divine providence
             ... invoked by an orc priest
              (15 damage)
             ... on level 3 of the Dungeon.
             The game lasted 00:03:05 (1675 turns).

Runnr the Covered (Gargoyle Fighter)                Turns: 1675, Time: 00:03:05

Health: 0/29       AC: 10    Str: 18    XL:     4   Next: 96%
Magic:  4/4        EV:  7    Int:  8    God:
Gold:   127        SH:  9    Dex: 10    Spells: 0 memorised, 3 levels left

rFire  . . .     SeeInvis .     a - +0 war axe
rCold  . . .     Clarity  .     b - +0 scale mail
rNeg   + . .     SustAt   .     c - +0 shield
rPois  ∞         Gourm    .     (no helmet)
rElec  +         Spirit   .     (no cloak)
rCorr  .         Warding  .     (no gloves)
rMut   .         Stasis   .     (no boots)
MR     .....                    (no amulet)
Stlth  ..........               (no ring)
                                l - -2 ring of strength (curse)

@: not resistant to hostile enchantments, extremely unstealthy
A: negative energy resistance 1, electricity resistance, unbreathing,
petrification resistance, rot immunity, AC +3
a: no special abilities


You were on level 3 of the Dungeon.
You were hungry.

You visited 1 branch of the dungeon, and saw 3 of its levels.

You collected 127 gold pieces.

Inventory:

Hand Weapons
 a - a +0 war axe (weapon)
Missiles
 w - 20 poisoned needles
Armour
 b - a +0 scale mail (worn)
 c - a +0 shield (worn)
Jewellery
 l - a cursed -2 ring of strength (left hand)
Scrolls
 g - 3 scrolls of remove curse {unknown}
 h - a scroll of enchant armour {unknown}
 i - 4 scrolls of magic mapping {unknown}
 j - 3 scrolls of noise {unknown}
 m - a scroll of immolation {unknown}
 p - a scroll of recharging {unknown}
 s - 2 scrolls of identify {unknown}
 u - a scroll of amnesia {unknown}
 v - a scroll of fog {unknown}
Potions
 d - a potion of might
 f - 2 potions of curing
 k - a potion of resistance {unknown}
 o - a potion of cancellation {unknown}
 q - a potion of degeneration {unknown}
 t - a potion of flight {unknown}
Comestibles
 e - 2 bread rations
 n - a beef jerky
 r - a royal jelly


   Skills:
 + Level 3.8 Fighting
 + Level 2.6 Axes
 + Level 4.2 Armour
 + Level 4.1 Shields


You had 3 spell levels left.
You didn't know any spells.

Dungeon Overview and Level Annotations

Branches:
Dungeon (3/15)

Altars:
Ashenzari
Fedhas

Annotations:
D:2 exclusion: oklob plant


Innate Abilities, Weirdness & Mutations

You are resistant to torment.
Your stone body is resilient (AC +3).
You are immune to poison.
You resist negative energy.
You are resistant to electric shocks.
You can survive without breathing.
You are immune to petrification.
You are immune to rotting.


Message History

The orc wizard gestures at you while chanting.
You are confused.
The orc wizard points at you and mumbles some strange words.
The puff of flame hits you! The orc hits you but does no damage.
The orc priest looks braver for a moment.
The orc priest looks braver for a moment.
The orc hits you with a club.
The orc priest calls down the wrath of Beogh upon you.
Pain shoots through your body! The orc wizard casts a spell at you.
The puff of flame hits you!
Drink which item? (? for menu, Esc to quit)
It was a potion of curing.
You feel better. You block the orc's attack.
The orc wizard casts a spell at you. You resist with some effort.
The orc priest mumbles some strange prayers to Beogh against you.
Something smites you!
Ouch! That really hurt!
You die...

...###.......#.....)<............
.............#.....)##'#.........
.............#.........#.........
.............###..o.....##.>.....
.(......#..........o....##.......
..................o.....##.......
........................##.......
.................o.......######..
................@........######..
##...............................
............###..........#.......
.........................#.......
................###......#.......
................# ##.....#.......
................######...#...#...
.................#.....<...†.....
.......####......#...............


You could see an orc priest, an orc wizard and 2 orcs.

Vanquished Creatures
  A gnoll (D:1)
  3 adders
  An ooze (D:2)
  3 worms
  2 giant geckos
  4 orcs (D:3)
  5 giant cockroaches
  8 goblins
  6 hobgoblins
  4 jackals (D:3)
  4 kobolds
  7 bats
  3 giant newts
  A quokka (D:3)
  6 rats
58 creatures vanquished.

Notes
Turn   | Place    | Note
--------------------------------------------------------------
     0 | D:1      | Runnr the Gargoyle Fighter began the quest for the Orb.
     0 | D:1      | Reached XP level 1. HP: 14/14 MP: 1/1
   104 | D:1      | Reached XP level 2. HP: 12/19 MP: 2/2
   357 | D:1      | Reached XP level 3. HP: 23/23 MP: 3/3
   633 | D:2      | Found a shattered altar of Ashenzari.
   702 | D:2      | Reached skill level 4 in Armour
   751 | D:2      | Reached XP level 4. HP: 25/28 MP: 4/4
   789 | D:2      | Found a blossoming altar of Fedhas.
   806 | D:2      | Noticed an oklob plant
  1675 | D:3      | Killed from afar by an orc priest

Action                   |  1- 3 |  4- 6 || total
-------------------------+-------+-------++-------
Melee: War axe           |   108 |    96 ||   204
  Use: Potion            |       |     1 ||     1
  Eat: Chunk             |       |     2 ||     2
